 Dungeon Sprint DCSS version 0.28-a0-863-g8cecda6153 (webtiles) character file.

Game seed: 10600096838408251514

49682 Turgor the Wild Gnoll (level 14, -12/125 HPs)
             Began as a Gnoll Berserker on Nov 19, 2021.
             Was a High Priest of Trog.
             Killed from afar by a frost giant (31 damage)
             ... with a bolt of cold
             ... in the Dungeon (Sprint IX: "|||||||||||||||||||||||||||||").
             The game lasted 00:42:25 (3835 turns).

Turgor the Wild Gnoll (Gnoll Berserker)             Turns: 3835, Time: 00:42:25

Health: -12/125    AC: 30    Str: 21    XL:     14   Next: 51%
Magic:  0/33       EV: 12    Int:  6    God:    Trog [*****.]
Gold:   1566       SH:  8    Dex: 13    Spells: 43/43 levels left

rFire   . . .      SeeInvis +   F - +10 Maxwell's thermic engine {flame, freeze}
rCold   . . .      Faith    .   G - +0 buckler
rNeg    . . .      Spirit   +   p - +2 plate armour
rPois   +          Reflect  .   C - +1 helmet
rElec   .          Harm     .   A - +2 cloak
rCorr   .          Rampage  .   a - +2 pair of gloves {archery}
Will    +++..      NoTele   +   n - +0 pair of boots
Stlth   +.........              l - amulet of guardian spirit
HPRegen 1.30/turn               B - ring of see invisible
MPRegen 0.23/turn               y - ring of poison resistance

@: strong-willed, on berserk cooldown, regenerating, slowed, very slow
A: fangs 1, strong nose, distributed training
a: Renounce Religion, Berserk, Trog's Hand, Brothers in Arms


You were in the Dungeon.
You worshipped Trog.
Trog was extremely pleased with you.
You visited 1 branch You collected 1956 gold pieces.
You spent 390 gold pieces at shops.

Inventory:

Hand Weapons
 b - a +1 vorpal shortbow
 k - the +7 great mace "Firestarter" {inner flame, rF++}
   (You found it in the Dungeon)

   It burns those it strikes, dealing additional fire damage.
   It fills those it strikes with an explosive inner flame.
   It grants immunity to clouds of flame.
   rF:        It greatly protects you from fire.
 r - the +8 glaive of Collusion {vorpal, Str+3}
   (Trog gifted it to you in the Dungeon)

   It inflicts extra damage upon your enemies.
   Str:       It affects your strength (+3).
 t - a +3 broad axe
 x - a +6 battleaxe
 F - the +10 Maxwell's thermic engine (weapon) {flame, freeze}
   (Trog gifted it to you in the Dungeon)

   It burns those it strikes, dealing additional fire damage.
   Big, fiery blades are also staple armaments of hydra-hunters.
   It freezes those it strikes, dealing additional cold damage.
   It can also slow down cold-blooded creatures.
   It becomes more effective when it hits something.
   This effect fades over time.
 I - the +10 battleaxe of Immorality {flame, Str+3}
   (Trog gifted it to you in the Dungeon)

   It burns those it strikes, dealing additional fire damage.
   Big, fiery blades are also staple armaments of hydra-hunters.
   Str:       It affects your strength (+3).
Missiles
 q - 10 poisoned darts (quivered)
 s - 43 arrows
Armour
 a - a +2 pair of gloves of archery (worn)
 n - a +0 pair of boots (worn)
 p - a +2 plate armour (worn)
 A - a +2 cloak (worn)
 C - a +1 helmet (worn)
 E - a +1 tower shield
 G - a +0 buckler (worn)
Jewellery
 l - an amulet of guardian spirit (around neck)
 o - a ring of willpower
 y - a ring of poison resistance (right hand)
 B - a ring of see invisible (left hand)
Wands
 j - a wand of acid (10)
 z - a wand of flame (22)
Scrolls
 h - 2 scrolls of blinking
 u - 2 scrolls of fear
 v - 8 scrolls of enchant armour
 w - 3 scrolls of fog
 D - 2 scrolls of enchant weapon
Potions
 c - 7 potions of curing
 d - 12 potions of heal wounds
 e - a potion of haste
 f - 4 potions of magic
 g - a potion of berserk rage
 i - a potion of invisibility
 m - 2 potions of might
 H - a potion of attraction {unknown}


   Skills:
 + Level 16.2 Fighting
 + Level 15.0 Short Blades
 + Level 15.0 Long Blades
 + Level 15.0 Axes
 + Level 15.0 Maces & Flails
 + Level 16.2 Polearms
 + Level 15.0 Staves
 + Level 15.0 Slings
 + Level 15.0 Bows
 + Level 15.0 Crossbows
 + Level 15.0 Throwing
 + Level 15.6 Armour
 + Level 15.6 Dodging
 + Level 15.0 Stealth
 + Level 15.0 Shields
 + Level 15.0 Unarmed Combat
 + Level 15.0 Spellcasting
 + Level 12.8 Conjurations
 + Level 12.8 Hexes
 + Level 12.8 Summonings
 + Level 12.8 Necromancy
 + Level 12.8 Translocations
 + Level 12.8 Transmutations
 + Level 12.8 Fire Magic
 + Level 12.8 Ice Magic
 + Level 12.8 Air Magic
 + Level 12.8 Earth Magic
 + Level 12.8 Poison Magic
 + Level 16.3 Invocations
 + Level 15.0 Evocations


You had 43 spell levels left.
You didn't know any spells.
Your spell library was empty.

Dungeon Overview and Level Annotations

Branches:
Dungeon (1/1)

Altars:
Cheibriados
Dithmenos
Elyvilon
Fedhas
Gozag
Hepliaklqana
Kikubaaqudgha
Makhleb
Nemelex Xobeh
Okawaru
Qazlal
Ru
Sif Muna
Trog
Uskayaw
Vehumet
Wu Jian
Xom
Yredelemnul
Zin
The Shining One
Beogh
Jiyva
Lugonu

Shops:
D (*==


Innate Abilities, Weirdness & Mutations

You have very sharp teeth.
Your uncanny sense of smell can sniff out nearby items.
Your experience applies equally to all skills.


Message History

The bolt of cold hits you!! The tengu reaver casts a spell at you.
The bolt of cold hits the frost giant!
The frost giant resists.
The bolt of cold hits you!!!
You hear a deafening roar!
An ice dragon comes into view.
You feel a strong urge to attack something.
You hit the frost giant. You burn the frost giant. You bite the frost giant.
The frost giant is lightly wounded.
The frost giant hits you with a +2 battleaxe of freezing!
The frost giant freezes you.
You slice the frost giant!! You burn the frost giant.
You freeze the frost giant.
The frost giant is moderately wounded.
You completely miss the frost giant.
The frost giant is moderately wounded.
The frost giant gestures at you while chanting.
The bolt of cold hits you!
You slash the frost giant! You burn the frost giant.
You freeze the frost giant. You bite the frost giant.
The frost giant is heavily wounded.
You barely miss the frost giant. You bite the frost giant!
The frost giant is severely wounded.
The frost giant hits you with a +2 battleaxe of freezing!
The frost giant freezes you.
You slash the frost giant! You burn the frost giant.
The frost giant is severely wounded.
You are no longer berserk.
You are exhausted.
You feel yourself slow down.
Unknown command.
Your deep troll goes berserk!
The tengu reaver gestures at you while chanting.
The bolt of cold hits the frost giant.
The frost giant resists.
The bolt of cold hits you!!
* * * LOW HITPOINT WARNING * * *
The bolt of cold hits your deep troll!!!
The frost giant points at your deep troll and mumbles some strange words.
The bolt of cold hits you!!
You die...

.▓)▓)▓.▓.▓.▓)▓.▓.▓
∆
.▓.▓)▓.▓.▓)▓)▓.▓†▓
∆
.▓.▓)▓.▓)▓.▓)▓.▓)▓
∆
.▓.▓)▓.▓)▓.▓)▓.▓)▓
[▓.▓.▓.▓)▓.▓)▓.▓)▓
†▓.▓.▓.▓)▓.▓†▓.▓.▓
†▓.▓.▓)▓)▓.▓)▓.▓T▓
∆
.▓.▓.▓.▓.▓.▓.▓.▓.▓
∆
.▓.▓.▓.▓[▓.▓†▓.▓@▓
∆
.▓.▓.▓.▓[▓.▓'▓.▓C▓
∆
.▓.▓)▓.▓.▓.▓†▓.▓Q▓
∆
.▓)▓)▓.▓.▓.▓.▓.▓C▓
∆
.▓.▓)▓.▓[▓.▓†▓.▓D▓
.▓.▓)▓.▓[▓.▓.▓.▓.▓
.▓.▓)▓.▓[▓.▓.▓.▓.▓
)▓.▓[▓.▓)▓.▓.▓.▓.▓
∆ [▓.▓[▓.▓.▓.▓.▓.▓
∆


You could see 2 frost giants, an ice dragon, a tengu reaver (ally target) and a
friendly deep troll (summoned, berserk).

Vanquished Creatures
  A tengu reaver (D)
  A ghost moth (D)
  3 stone giants (D)
  A vampire knight (D)
  Azrael (D)
  2 spark wasps (D)
  A bunyip (D)
  A fire dragon (D)
  2 ettins (D)
  An eleionoma (D)
  A merfolk impaler (D)
  A merfolk javelineer (D)
  A ghost crab (D)
  A boulder beetle (D)
  A great orb of eyes (D)
  2 ice dragons (D)
  5 ogre magi (D)
  3 centaur warriors (D)
  2 anacondas (D)
  A merfolk avatar (D)
  3 tengu warriors (D)
  2 deep troll shamans (D)
  An orc high priest (D)
  A sea snake (D)
  A naga ritualist (D)
  A glowing orange brain (D)
  3 deep trolls (D)
  2 orc knights (D)
  An orb spider (D)
  An ugly thing (D)
  2 manticores (D)
  A will-o-the-wisp (D)
  A merfolk siren (D)
  2 cane toads (D)
  5 naga magi (D)
  Joseph (D)
  Maurice (D)
  Psyche (D)
  An efreet (D)
  A jumping spider (shapeshifter) (D)
  3 polar bears (D)
  2 merfolk (D)
  3 trolls (D)
  2 jumping spiders (D)
  A merfolk (shapeshifter) (D)
  A wind drake (D)
  2 blink frogs (D)
  3 tyrant leeches (D)
  A redback (D)
  3 yaks (D)
  A tarantella (D)
  A basilisk (D)
  2 wraiths (D)
  5 fire elementals (D)
  Eustachio (D)
  A steam dragon (D)
  A naga (D)
  A hell hound (D)
  3 water moccasins (D)
  7 orc warriors (D)
  A wolf (D)
  5 bullfrogs (D)
  A scorpion (D)
  A jelly (D)
  3 orc priests (D)
  2 orc wizards (D)
  A gnoll (D)
  An adder (D)
  2 adder zombies (D)
  A dart slug (D)
  6 orcs (D)
  A ball python (D)
  2 hobgoblins (D)
  A kobold (D)
136 creatures vanquished.

Vanquished Creatures (collateral kills)
  A tengu reaver (D)
  A fire giant (D)
  A frost giant (D)
  A rakshasa (D)
  An ice dragon (D)
  An ogre mage (D)
  A two-headed ogre (D)
  2 deep trolls (D)
  An orc knight (D)
  2 orc sorcerers (D)
  A cyclops (D)
  2 trolls (D)
  3 tyrant leeches (D)
  2 vampire mosquitoes (D)
  2 orc warriors (D)
  A bullfrog (D)
23 creatures vanquished.

Vanquished Creatures (others)
  A hydra (D)
  A will-o-the-wisp (D)
  A bloated husk (D)
3 creatures vanquished.

Grand Total: 162 creatures vanquished

Notes
Turn   | Place    | Note
-------+----------+-------------------------------------------
     0 | D        | Turgor the Gnoll Berserker began the quest for the Orb.
     0 | D        | Reached XP level 1. HP: 23/23 MP: 1/1
    11 | D        | Reached ** piety under Trog
    12 | D        | Reached skill level 1 in Invocations
    20 | D        | Reached skill level 1 in Short Blades
    20 | D        | Reached skill level 1 in Long Blades
    20 | D        | Reached skill level 1 in Axes
    20 | D        | Reached skill level 1 in Maces & Flails
    20 | D        | Reached skill level 1 in Staves
    20 | D        | Reached skill level 1 in Slings
    20 | D        | Reached skill level 1 in Bows
    20 | D        | Reached skill level 1 in Crossbows
    20 | D        | Reached skill level 1 in Throwing
    20 | D        | Reached skill level 1 in Stealth
    20 | D        | Reached skill level 1 in Shields
    20 | D        | Reached skill level 1 in Unarmed Combat
    20 | D        | Reached skill level 1 in Spellcasting
    20 | D        | Reached skill level 1 in Evocations
    22 | D        | Reached XP level 2. HP: 20/29 MP: 1/3
   117 | D        | Noticed a scorpion
   126 | D        | Reached skill level 1 in Conjurations
   126 | D        | Reached skill level 1 in Hexes
   126 | D        | Reached skill level 1 in Summonings
   126 | D        | Reached skill level 1 in Necromancy
   126 | D        | Reached skill level 1 in Translocations
   126 | D        | Reached skill level 1 in Transmutations
   126 | D        | Reached skill level 1 in Fire Magic
   126 | D        | Reached skill level 1 in Ice Magic
   126 | D        | Reached skill level 1 in Air Magic
   126 | D        | Reached skill level 1 in Earth Magic
   126 | D        | Reached skill level 1 in Poison Magic
   128 | D        | Reached XP level 3. HP: 35/35 MP: 3/5
   135 | D        | Reached *** piety under Trog
   136 | D        | Reached skill level 5 in Armour
   136 | D        | Reached skill level 5 in Dodging
   142 | D        | Killed a scorpion
   143 | D        | Reached XP level 4. HP: 27/43 MP: 3/8
   145 | D        | Reached XP level 5. HP: 29/48 MP: 4/10
   277 | D        | Found a snail-covered altar of Cheibriados.
   277 | D        | Found a shadowy altar of Dithmenos.
   277 | D        | Found a white marble altar of Elyvilon.
   277 | D        | Found a blossoming altar of Fedhas.
   277 | D        | Found an opulent altar of Gozag.
   278 | D        | Found a hazy altar of Hepliaklqana.
   279 | D        | Found a viscous altar of Jiyva.
   280 | D        | Found an ancient bone altar of Kikubaaqudgha.
   281 | D        | Found a corrupted altar of Lugonu.
   282 | D        | Found a burning altar of Makhleb.
   283 | D        | Found a sparkling altar of Nemelex Xobeh.
   284 | D        | Found an iron altar of Okawaru.
   285 | D        | Found a stormy altar of Qazlal.
   286 | D        | Found a sacrificial altar of Ru.
   287 | D        | Found a shimmering blue altar of Sif Muna.
   288 | D        | Found a bloodstained altar of Trog.
   289 | D        | Found a hide-covered altar of Uskayaw.
   290 | D        | Found a radiant altar of Vehumet.
   291 | D        | Found an ornate altar of the Wu Jian Council.
   292 | D        | Found a shimmering altar of Xom.
   293 | D        | Found a basalt altar of Yredelemnul.
   294 | D        | Found a glowing silver altar of Zin.
   295 | D        | Found a glowing golden altar of the Shining One.
   303 | D        | Found the +7 great mace "Firestarter" {inner flame, rF++}
   311 | D        | Got the +2 rapier of Ygainax {freeze, Stlth+}
   348 | D        | Noticed a wraith
   348 | D        | Noticed a yak
   348 | D        | Noticed a wraith
   348 | D        | Noticed a troll
   354 | D        | Killed a wraith
   354 | D        | Reached **** piety under Trog
   354 | D        | Killed a yak
   355 | D        | Reached skill level 5 in Short Blades
   355 | D        | Reached skill level 5 in Long Blades
   355 | D        | Reached skill level 5 in Axes
   355 | D        | Reached skill level 5 in Maces & Flails
   355 | D        | Reached skill level 5 in Staves
   355 | D        | Reached skill level 5 in Slings
   355 | D        | Reached skill level 5 in Bows
   355 | D        | Reached skill level 5 in Crossbows
   355 | D        | Reached skill level 5 in Throwing
   355 | D        | Reached skill level 5 in Stealth
   355 | D        | Reached skill level 5 in Shields
   355 | D        | Reached skill level 5 in Unarmed Combat
   355 | D        | Reached skill level 5 in Spellcasting
   355 | D        | Reached skill level 5 in Invocations
   355 | D        | Reached skill level 5 in Evocations
   355 | D        | Reached XP level 6. HP: 57/57 MP: 10/13
   355 | D        | Reached XP level 7. HP: 63/63 MP: 10/14
   358 | D        | Killed a wraith
   359 | D        | Killed a troll
   360 | D        | Reached ***** piety under Trog
   407 | D        | Noticed a cyclops
   407 | D        | Noticed a two-headed ogre
   407 | D        | Noticed a vampire mosquito
   407 | D        | Noticed a centaur warrior
   407 | D        | Noticed a centaur warrior
   407 | D        | Noticed a centaur warrior
   410 | D        | Killed a two-headed ogre
   410 | D        | Killed a vampire mosquito
   411 | D        | Reached skill level 5 in Conjurations
   411 | D        | Reached skill level 5 in Hexes
   411 | D        | Reached skill level 5 in Summonings
   411 | D        | Reached skill level 5 in Necromancy
   411 | D        | Reached skill level 5 in Translocations
   411 | D        | Reached skill level 5 in Transmutations
   411 | D        | Reached skill level 5 in Fire Magic
   411 | D        | Reached skill level 5 in Ice Magic
   411 | D        | Reached skill level 5 in Air Magic
   411 | D        | Reached skill level 5 in Earth Magic
   411 | D        | Reached skill level 5 in Poison Magic
   411 | D        | Reached XP level 8. HP: 71/71 MP: 16/18
   411 | D        | Killed a cyclops
   411 | D        | Killed a centaur warrior
   412 | D        | Reached skill level 10 in Fighting
   412 | D        | Reached skill level 10 in Polearms
   412 | D        | Reached XP level 9. HP: 73/78 MP: 16/20
   420 | D        | Killed a centaur warrior
   421 | D        | Killed a centaur warrior
   422 | D        | Reached XP level 10. HP: 68/86 MP: 18/22
   568 | D        | Noticed a cane toad
   578 | D        | Killed a cane toad
   579 | D        | Reached skill level 10 in Armour
   579 | D        | Reached skill level 10 in Dodging
   754 | D        | Noticed a cane toad
   761 | D        | Reached ****** piety under Trog
   762 | D        | Reached skill level 10 in Invocations
   766 | D        | Killed a cane toad
   766 | D        | Received a gift from Trog
  1059 | D        | Received a gift from Trog
  1060 | D        | Reached XP level 11. HP: 94/94 MP: 24/24
  1125 | D        | Noticed Maurice
  1145 | D        | Killed Maurice
  1145 | D        | Received a gift from Trog
  1146 | D        | Reached skill level 10 in Short Blades
  1146 | D        | Reached skill level 10 in Long Blades
  1146 | D        | Reached skill level 10 in Axes
  1146 | D        | Reached skill level 10 in Maces & Flails
  1146 | D        | Reached skill level 10 in Staves
  1146 | D        | Reached skill level 10 in Slings
  1146 | D        | Reached skill level 10 in Bows
  1146 | D        | Reached skill level 10 in Crossbows
  1146 | D        | Reached skill level 10 in Throwing
  1146 | D        | Reached skill level 10 in Stealth
  1146 | D        | Reached skill level 10 in Shields
  1146 | D        | Reached skill level 10 in Unarmed Combat
  1146 | D        | Reached skill level 10 in Spellcasting
  1146 | D        | Reached skill level 10 in Evocations
  1204 | D        | Noticed Eustachio
  1213 | D        | Killed Eustachio
  1257 | D        | Noticed an ettin
  1269 | D        | Killed an ettin
  1479 | D        | Noticed an orc knight
  1481 | D        | Received a gift from Trog
  1482 | D        | Noticed an orc high priest
  1492 | D        | Killed an orc knight
  1493 | D        | Noticed an orc knight
  1500 | D        | Killed an orc high priest
  1500 | D        | Received a gift from Trog
  1502 | D        | Killed an orc knight
  1505 | D        | Noticed an orc sorcerer
  1506 | D        | Killed an orc sorcerer
  1506 | D        | Noticed an orc sorcerer
  1507 | D        | Killed an orc sorcerer
  1507 | D        | Received a gift from Trog
  1694 | D        | Found Sariak's Weapon Emporium.
  1694 | D        | Noticed an ogre mage
  1694 | D        | Noticed an ogre mage
  1694 | D        | Noticed a deep troll
  1694 | D        | Noticed a deep troll
  1698 | D        | Noticed a deep troll
  1700 | D        | Killed an ogre mage
  1702 | D        | Killed an ogre mage
  1703 | D        | Found Kacire's Assorted Antiques.
  1703 | D        | Noticed an ogre mage
  1706 | D        | Noticed a deep troll
  1707 | D        | Killed a deep troll
  1707 | D        | Killed a deep troll
  1707 | D        | Received a gift from Trog
  1708 | D        | Reached XP level 12. HP: 103/103 MP: 27/27
  1708 | D        | Found Keoriuwe's Jewellery Emporium.
  1732 | D        | Killed an ogre mage
  1929 | D        | Found Seduiz's Jewellery Shoppe.
  1934 | D        | Noticed an ogre mage
  1944 | D        | Killed an ogre mage
  1944 | D        | Received a gift from Trog
  1945 | D        | Reached skill level 10 in Conjurations
  1945 | D        | Reached skill level 10 in Hexes
  1945 | D        | Reached skill level 10 in Summonings
  1945 | D        | Reached skill level 10 in Necromancy
  1945 | D        | Reached skill level 10 in Translocations
  1945 | D        | Reached skill level 10 in Transmutations
  1945 | D        | Reached skill level 10 in Fire Magic
  1945 | D        | Reached skill level 10 in Ice Magic
  1945 | D        | Reached skill level 10 in Air Magic
  1945 | D        | Reached skill level 10 in Earth Magic
  1945 | D        | Reached skill level 10 in Poison Magic
  1957 | D        | Bought an amulet of guardian spirit for 390 gold pieces
  2191 | D        | Noticed a tengu warrior
  2191 | D        | Noticed an ogre mage
  2191 | D        | Noticed an ogre mage
  2196 | D        | Killed a tengu warrior
  2197 | D        | Killed an ogre mage
  2198 | D        | Noticed a shock serpent
  2201 | D        | a shock serpent changed into a merfolk
  2204 | D        | Noticed an ettin
  2205 | D        | Killed an ogre mage
  2205 | D        | Identified the +8 glaive of Collusion {vorpal, Str+3} (Trog
                  | gifted it to you in the Dungeon)
  2205 | D        | Received a gift from Trog
  2206 | D        | Noticed a deep troll shaman
  2211 | D        | Noticed a stone giant
  2274 | D        | Killed an ettin
  2276 | D        | Killed a deep troll shaman
  2276 | D        | Identified the +9 short sword of Xeystal {flame, rF- Will+
                  | Str+4} (Trog gifted it to you in the Dungeon)
  2276 | D        | Received a gift from Trog
  2283 | D        | Killed a stone giant
  2284 | D        | Reached XP level 13. HP: 113/113 MP: 22/29
  2311 | D        | Noticed a tengu reaver
  2321 | D        | Killed a tengu reaver
  2482 | D        | Noticed a fire dragon
  2492 | D        | Killed a fire dragon
  2567 | D        | Noticed a stone giant
  2574 | D        | Killed a stone giant
  2576 | D        | Noticed a vampire knight
  2585 | D        | Killed a vampire knight
  2585 | D        | Received a gift from Trog
  2586 | D        | Found the +2 Maxwell's thermic engine {flame, freeze}
  2821 | D        | Noticed Psyche
  2827 | D        | Killed Psyche
  2885 | D        | Noticed Joseph
  2895 | D        | Killed Joseph
  2939 | D        | Received a gift from Trog
  2957 | D        | Received a gift from Trog
  3042 | D        | Noticed a ghost moth
  3042 | D        | Noticed a spark wasp
  3052 | D        | Killed a ghost moth
  3056 | D        | Killed a spark wasp
  3071 | D        | Received a gift from Trog
  3206 | D        | Noticed a spark wasp
  3217 | D        | Killed a spark wasp
  3218 | D        | Reached skill level 15 in Fighting
  3218 | D        | Reached skill level 15 in Polearms
  3337 | D        | Noticed a merfolk impaler
  3339 | D        | Noticed a merfolk javelineer
  3353 | D        | Received a gift from Trog
  3354 | D        | Reached skill level 15 in Invocations
  3360 | D        | Killed a merfolk javelineer
  3362 | D        | Killed a merfolk impaler
  3417 | D        | Noticed a bunyip
  3421 | D        | Killed a bunyip
  3423 | D        | Received a gift from Trog
  3424 | D        | Reached XP level 14. HP: 123/123 MP: 30/32
  3558 | D        | Noticed Azrael
  3575 | D        | Killed Azrael
  3575 | D        | Identified the +10 battleaxe of Immorality {flame, Str+3}
                  | (Trog gifted it to you in the Dungeon)
  3575 | D        | Received a gift from Trog
  3579 | D        | Reached skill level 15 in Armour
  3579 | D        | Reached skill level 15 in Dodging
  3680 | D        | Noticed a fire giant
  3696 | D        | Noticed a tengu reaver
  3697 | D        | Noticed a frost giant
  3701 | D        | Killed a fire giant
  3704 | D        | Killed a tengu reaver
  3706 | D        | Identified the +4 scimitar of the Establishment {flame,
                  | *Rage rPois Dex+6} (Trog gifted it to you in the Dungeon)
  3706 | D        | Received a gift from Trog
  3707 | D        | Killed a frost giant
  3708 | D        | Noticed a stone giant
  3803 | D        | Killed a stone giant
  3818 | D        | Reached skill level 15 in Short Blades
  3818 | D        | Reached skill level 15 in Long Blades
  3818 | D        | Reached skill level 15 in Axes
  3818 | D        | Reached skill level 15 in Maces & Flails
  3818 | D        | Reached skill level 15 in Staves
  3818 | D        | Reached skill level 15 in Slings
  3818 | D        | Reached skill level 15 in Bows
  3818 | D        | Reached skill level 15 in Crossbows
  3818 | D        | Reached skill level 15 in Throwing
  3818 | D        | Reached skill level 15 in Stealth
  3818 | D        | Reached skill level 15 in Shields
  3818 | D        | Reached skill level 15 in Unarmed Combat
  3818 | D        | Reached skill level 15 in Spellcasting
  3818 | D        | Reached skill level 15 in Evocations
  3821 | D        | Noticed a frost giant
  3822 | D        | Noticed a tengu reaver
  3824 | D        | Received a gift from Trog
  3825 | D        | Noticed a frost giant
  3835 | D        | Killed from afar by a frost giant

Illustrated notes

Levels and vault maps discovered:
D:        linesprint [early_d, line_temple, items_1, d_10, items_2, lair_1,
          lair_end, items_3, orc_1, orc_end, items_4, d_15, swamp_1, shoals_1,
          snake_1, spider_1, d_20, vaults_1, items_5, swamp_end, shoals_end,
          snake_end, spider_end, vaults_end, d_27, items_6, zot_1, zot_end,
          crypt_end, forest_end, elf_end, slime_end, tomb_end, abyss_end,
          pan_hell_end]

Skill      XL: |  1  2  3  4  5  6  7  8  9 10 11 12 13 14 |
---------------+-------------------------------------------+-----
Invocations    | 1 2 3 5 7 8 9 10 12 13 15 16 | 16.3
Short Blades   | 1 3 5 6 7 8 9 11 12 14 15 | 15.0
Long Blades    | 1 3 5 6 7 8 9 11 12 14 15 | 15.0
Axes           | 1 3 5 6 7 8 9 11 12 14 15 | 15.0
Maces & Flails | 1 3 5 6 7 8 9 11 12 14 15 | 15.0
Staves         | 1 3 5 6 7 8 9 11 12 14 15 | 15.0
Slings         | 1 3 5 6 7 8 9 11 12 14 15 | 15.0
Bows           | 1 3 5 6 7 8 9 11 12 14 15 | 15.0
Crossbows      | 1 3 5 6 7 8 9 11 12 14 15 | 15.0
Throwing       | 1 3 5 6 7 8 9 11 12 14 15 | 15.0
Stealth        | 1 3 5 6 7 8 9 11 12 14 15 | 15.0
Shields        | 1 3 5 6 7 8 9 11 12 14 15 | 15.0
Unarmed Combat | 1 3 5 6 7 8 9 11 12 14 15 | 15.0
Spellcasting   | 1 3 5 6 7 8 9 11 12 14 15 | 15.0
Evocations     | 1 3 5 6 7 8 9 11 12 14 15 | 15.0
Conjurations   | 1 2 4 5 6 7 8 9 10 12 | 12.8
Hexes          | 1 2 4 5 6 7 8 9 10 12 | 12.8
Summonings     | 1 2 4 5 6 7 8 9 10 12 | 12.8
Necromancy     | 1 2 4 5 6 7 8 9 10 12 | 12.8
Translocations | 1 2 4 5 6 7 8 9 10 12 | 12.8
Transmutations | 1 2 4 5 6 7 8 9 10 12 | 12.8
Fire Magic     | 1 2 4 5 6 7 8 9 10 12 | 12.8
Ice Magic      | 1 2 4 5 6 7 8 9 10 12 | 12.8
Air Magic      | 1 2 4 5 6 7 8 9 10 12 | 12.8
Earth Magic    | 1 2 4 5 6 7 8 9 10 12 | 12.8
Poison Magic   | 1 2 4 5 6 7 8 9 10 12 | 12.8
Armour         | 5 6 8 9 10 12 13 14 15 | 15.6
Dodging        | 5 6 8 9 10 12 13 14 15 | 15.6
Fighting       | 7 8 9 10 11 12 14 15 16 | 16.2
Polearms       | 7 8 9 10 11 12 14 15 16 | 16.2

Action                   |  1- 3 |  4- 6 |  7- 9 | 10-12 | 13-15 || total
-------------------------+-------+-------+-------+-------+-------++-------
Melee: Spear             |    39 |     2 |       |       |       ||    41
       Bite              |     3 |     1 |       |    21 |    30 ||    55
       Punch             |     1 |       |       |       |       ||     1
       Great mace        |       |     5 |    10 |   138 |    20 ||   173
       Double sword      |       |       |       |       |   170 ||   170
Invok: Trog's Hand       |     1 |     1 |     1 |    16 |    13 ||    32
       Berserk           |     1 |     1 |     1 |     7 |    10 ||    20
       Brothers in Arms  |       |       |     1 |     5 |     4 ||    10
 Stab: Sleeping          |     1 |       |       |     3 |       ||     4
Armor: Animal skin       |     1 |       |       |       |       ||     1
       Ring mail         |       |     1 |    14 |    28 |       ||    43
       Chain mail        |       |       |       |    12 |       ||    12
       Plate armour      |       |       |       |    11 |   106 ||   117
Dodge: Dodged            |    12 |     2 |    18 |    76 |    66 ||   174
Block: Buckler           |       |       |       |       |    43 ||    43

Table legend: (Time is in decaauts)
 A = Elapsed time spent in this place.
 B = Non-inter-level travel time spent in this place.
 C = Inter-level travel time spent in this place.
 D = Time resting spent in this place.
 E = Time spent auto-exploring this place.
 F = Levels seen in this place.
 G = Mean time per level.
                   A        B        C        D        E       F      G
               +--------+--------+--------+--------+--------+-----+--------+
         Total |   3986 |   3855 |    131 |   1608 |    127 |   1 | 3986.0 |
       Dungeon |   3986 |   3855 |    131 |   1608 |    127 |   1 | 3986.0 |
               +--------+--------+--------+--------+--------+-----+--------+

Top non-repeatable levels by time:
       D: 3986 daAuts
